AoeStats
← Ergoteur

Arena

510337210Analyzed
1v1 RM · 4h ago on Sep 30, 2026· 21m 30s· 2 players
Game mode
Random Map
Map size
Tiny (2 player)
Population
200
Speed
Normal
Resources
Standard
Victory
Conquest
Starting age
Dark Age
Ending age
Imperial Age
RankedLock teamsTeams togetherTeam positionsShared explorationLock speedFull tech treeHidden civsTurbo modeCheats
Victory
Defeat
🇲🇴 Malians · Macao SAR China
1005
+16
🇨🇦 Khmer · Canada
996
-16
Ergoteur
9:32 Feudal Age
9:58 Double-Bit Axe
11:07 Loom
14:59 Castle Age
14:03 Gold Mining
danielchanlam
10:25 Feudal Age
14:04 Castle Age
13:11 Double-Bit Axe
14:09 Loom
Connection lost

Rejoining the realm…

Still unreachable

The connection could not be restored.

Session expired

The server has moved on; the page needs a fresh start.